 Dungeon Crawl Stone Soup version 0.25-a0-424-g80bd347ae0 (webtiles) character file.

Game seed: 7754419603122951510, levelgen mode: deterministic

14 MisterFreud the Cutter (level 2, 0/29 HPs)
             Began as a Gnoll Chaos Knight on Jan 21, 2020.
             Was a Plaything of Xom.
             Slain by a gnoll
             ... wielding a +0 spear
              (9 damage)
             ... on level 1 of the Dungeon.
             The game lasted 00:00:43 (723 turns).

MisterFreud the Cutter (Gnoll Chaos Knight)          Turns: 723, Time: 00:00:44

Health: 0/29       AC:  5    Str: 14    XL:     2   Next: 45%
Magic:  2/2        EV: 12    Int: 14    God:    Xom [..*...]
Gold:   67         SH:  0    Dex: 14    Spells: 1/1 levels left

rFire    . . .     SeeInvis .   a - +0 short sword (chaos)
rCold    . . .     Gourm    .   (no shield)
rNeg     . . .     Faith    .   b - +2 leather armour
rPois    .         Spirit   .   (no helmet)
rElec    .         Reflect  .   (no cloak)
rCorr    .         Harm     .   (no gloves)
MR       .....                  (no boots)
Stlth    +.........             (no amulet)
HPRegen  0.09/turn              (no ring)
MPRegen  0.08/turn              (no ring)

@: no status effects
A: distributed training, fangs 1, strong nose
a: Renounce Religion


You were on level 1 of the Dungeon.
You worshipped Xom.
You were a toy of Xom.
You were not hungry.

You visited 1 branch of the dungeon, and saw 2 of its levels.

You collected 67 gold pieces.

Inventory:

Hand Weapons
 a - a +0 short sword of chaos (weapon)
Missiles
 g - 9 stones (quivered)
 m - 21 arrows
Armour
 b - a +2 leather armour (worn)
Jewellery
 h - a +3 ring of protection {unknown}
Scrolls
 i - a scroll of amnesia {unknown}
 k - a scroll of immolation {unknown}
Potions
 e - a potion of might {unknown}
 f - a potion of haste {unknown}
 j - a potion of curing {unknown}
 l - a potion of mutation {unknown}
Comestibles
 c - 3 rations


   Skills:
 + Level 6.5 Fighting
 + Level 6.5 Short Blades
 + Level 0.4 Long Blades
 + Level 0.4 Axes
 + Level 0.4 Maces & Flails
 + Level 0.4 Polearms
 + Level 0.4 Staves
 + Level 0.4 Slings
 + Level 0.4 Bows
 + Level 0.4 Crossbows
 + Level 0.4 Throwing
 + Level 4.5 Armour
 + Level 2.5 Dodging
 + Level 0.4 Stealth
 + Level 0.4 Shields
 + Level 0.4 Unarmed Combat
 + Level 0.4 Spellcasting
 + Level 0.2 Conjurations
 + Level 0.2 Hexes
 + Level 0.2 Charms
 + Level 0.2 Summonings
 + Level 0.2 Necromancy
 + Level 0.2 Translocations
 + Level 0.2 Transmutations
 + Level 0.2 Fire Magic
 + Level 0.2 Ice Magic
 + Level 0.2 Air Magic
 + Level 0.2 Earth Magic
 + Level 0.2 Poison Magic
 + Level 0.5 Invocations
 + Level 0.4 Evocations


You had one spell level left.
You didn't know any spells.
Your spell library was empty.

Dungeon Overview and Level Annotations

Branches:
Dungeon (2/15)

Altars:


Innate Abilities, Weirdness & Mutations

Your experience applies equally to all skills.
You have very sharp teeth.
Your uncanny sense of smell can sniff out nearby items.


Message History

You barely miss the gnoll. The bat barely misses you.
The gnoll hits you but does no damage.
You hit the gnoll but do no damage. The bat hits you but does no damage.
The bat misses you. The gnoll hits you but does no damage.
You hit the gnoll.
The gnoll flickers and vanishes!
Deactivating autopickup; reactivate with Ctrl-A.
Xom thinks this is hilarious!
You bite something. The bat barely misses you.
The bat hits you but does no damage. The gnoll closely misses you.
Something hits you!
A dart slug comes into view.
The bat closely misses you. The bat hits you but does no damage.
The gnoll hits you from afar with a +0 spear.
Something hits you.
You climb upwards.
Reactivating autopickup.
There is a stone staircase leading down here.
Something hits you!
You die... "What!?
That's it?"

.....................###.8.###..#
..........#.....#.#..#.......#..#
......###.#..........#.8.<.8.#..#
..........#..........#.......#..#
..........#..........###.8.###..#
..........#............#...#....#
#####+#.#.........#....##+##....#
# #.#.#.....#.................#
#####...).......@>...............
...[................##...........
.....#..#...#.#.#.#.##...######.#
.................................
####.#..#...#.#.#.#.##...######.#
........#.....#.#.#.##...# #.#
.#................#.##...# #.#
...#.#..###.#.#####.##...######.#
####.#..###.#.#####.##..........#


There were no monsters in sight!

Vanquished Creatures
  A dart slug (D:1)
  3 goblins (D:1)
  2 hobgoblins (D:1)
  A jackal (D:2)
  3 kobolds (D:1)
  A bat (D:1)
11 creatures vanquished.

Notes
Turn   | Place    | Note
-------+----------+-------------------------------------------
     0 | D:1      | MisterFreud the Gnoll Chaos Knight began the quest for the
                  | Orb.
     0 | D:1      | Reached XP level 1. HP: 23/23 MP: 1/1
   127 | D:1      | Reached XP level 2. HP: 29/29 MP: 2/2
   683 | D:1      | XOM is BORED!
   683 | D:1      | XOM: silly message
   723 | D:1      | Slain by a gnoll

Levels and vault maps discovered:
D:1:      dpeg_arrival_simpleton_c, layout_basic, chequers_serial_rivers_micro_b
D:2:      layout_loops_ring, first_ration, corner_web_ring

Action                   || total
-------------------------++-------
Melee: Short sword       ||    33
       Bite              ||     5
Armor: Leather armour    ||    16
Dodge: Dodged            ||    25

Table legend:
 A = Non-vault XP
 B = Vault XP
 C = Vault XP percentage of total XP
 D = Non-vault monster count
 E = Vault monster count
 F = Vault count percentage of total count
                 A         B        C        D         E       F
            +---------+---------+-------+---------+---------+-------
      Total |      21 |       0 |   0.0 |      11 |       0 |   0.0
            +---------+---------+-------+---------+---------+-------
        D:1 |      19 |       0 |   0.0 |      10 |       0 |   0.0
        D:2 |       2 |       0 |   0.0 |       1 |       0 |   0.0
            +---------+---------+-------+---------+---------+-------
